 Dungeon Crawl Stone Soup version 0.24.0-37-gcf1ca852f1 (webtiles) character file.

Game seed: 11747062349223059453, levelgen mode: deterministic

1460 Delamore the Cleaver (level 8, -7/64 HPs)
             Began as a Hill Orc Fighter on Nov 30, 2019.
             Splashed by a jelly's acid (10 damage)
             ... on level 5 of the Dungeon.
             The game lasted 00:04:27 (4716 turns).

Delamore the Cleaver (Hill Orc Fighter)             Turns: 4716, Time: 00:04:28

Health: -7/64      AC:  5    Str: 20    XL:     8   Next: 76%
Magic:  8/8        EV: 11    Int:  8    God:
Gold:   197        SH:  9    Dex: 11    Spells: 7/7 levels left

rFire    . . .     SeeInvis .   a - +0 war axe
rCold    . . .     Gourm    .   c - +0 shield
rNeg     . . .     Faith    .   b - +0 scale mail
rPois    .         Spirit   .   p - +0 helmet
rElec    .         Reflect  .   (no cloak)
rCorr    .         Harm     .   v - +0 pair of gloves
MR       .....                  (no boots)
Stlth    ..........             (no amulet)
HPRegen  0.20/turn              q - +4 ring of evasion
MPRegen  0.11/turn              (no ring)

@: corroded
A: no striking features
a: no special abilities


You were on level 5 of the Dungeon.
You were not hungry.

You visited 2 branches of the dungeon, and saw 6 of its levels.

You collected 197 gold pieces.

Inventory:

Hand Weapons
 a - a +0 war axe (weapon)
Missiles
 e - 5 silver boomerangs (quivered)
Armour
 b - a +0 scale mail (worn)
 c - a +0 shield (worn)
 p - a +0 helmet (worn)
 v - a +0 pair of gloves (worn)
Jewellery
 q - a +4 ring of evasion (left hand)
Wands
 w - a wand of digging (4)
Scrolls
 g - 4 scrolls of amnesia {unknown}
 i - 3 scrolls of teleportation {unknown}
 j - 3 scrolls of enchant armour {unknown}
 l - 9 scrolls of identify {unknown}
 m - a scroll of enchant weapon {unknown}
 n - a scroll of noise {unknown}
 r - 2 scrolls of random uselessness {unknown}
 t - a scroll of fog {unknown}
Potions
 d - a potion of might
 h - a potion of ambrosia {unknown}
 k - 2 potions of haste {unknown}
 o - 2 potions of agility
 s - a potion of curing {unknown}
 u - a potion of resistance {unknown}
Comestibles
 f - 10 rations
 x - a chunk of flesh


   Skills:
 - Level 3.6 Fighting
 + Level 13.4 Axes
 - Level 3.2 Armour
 - Level 3.2 Shields


You had 7 spell levels left.
You didn't know any spells.
Your spell library was empty.

Dungeon Overview and Level Annotations

Branches:
Dungeon (5/15)             Temple (1/1) D:4

Altars:
Ashenzari
Cheibriados
Dithmenos
Elyvilon
Fedhas
Gozag
Kikubaaqudgha
Makhleb
Nemelex Xobeh
Qazlal
Ru
Sif Muna
Trog
Uskayaw
Wu Jian
Xom
Yredelemnul
Zin
The Shining One

Shops:
D:5 [=

Annotations:
D:5 Blork the orc


Message History

There is a strange disturbance nearby!
No target in view!
Unknown command.
You closely miss something. Something hits you.
You hit something. Something hits you!
You miss something. Something hits you but does no damage.
You barely miss something. Something hits you.
You hit something. Something hits you!
You hit something. Something hits you.
* * * LOW HITPOINT WARNING * * *
You hit something. Something hits you.
* * * LOW HITPOINT WARNING * * *
You closely miss something. Something hits you but does no damage.
You miss something. Something hits you but does no damage. Something hits you.
* * * LOW HITPOINT WARNING * * *
Something hits you but does no damage. The jelly hits you.
* * * LOW HITPOINT WARNING * * *
The acid corrodes you!
You are splashed with acid!
You die...

... ≈≈≈.... ###.
∩≈≈.#.. #. #... ≈≈..#.
## #. #.#. #.(..# #.
#.##.#. #.#..#. #......
#....# #......
###{#J############...#.
#.....@................
#.###†###########.∩....
#.###### ##.##..
#.###.#....# #.##..
#.....#.##.#######.##..
#.##.................(.
#.##.##.#######.####
.(. #.##.# #.# #.###
#.##.# #.#


You could see a jelly.

Vanquished Creatures
  Pikel (D:5)
  Sigmund (D:2)
  A black bear (D:5)
  A centaur (D:3)
  2 scorpions
  A jelly (D:3)
  A hound (D:4)
  2 gnoll shamans
  Jessica (D:2)
  A bullfrog skeleton (D:5)
  2 iguanas
  3 worker ants (D:4)
  Terence (D:2)
  A worker ant zombie (D:5)
  Robin (D:2)
  10 gnolls
  6 adders
  An adder zombie (D:4)
  An adder skeleton (D:4)
  A dart slug (D:2)
  6 leopard geckos
  10 orcs
  3 ball pythons
  5 bats
  5 giant cockroaches
  13 goblins
  9 hobgoblins
  5 jackals (D:3)
  4 frilled lizards
  3 kobolds
  3 rats
105 creatures vanquished.

Vanquished Creatures (others)
  A crimson imp (D:5)
  An adder (D:5)
2 creatures vanquished.

Grand Total: 107 creatures vanquished

Notes
Turn   | Place    | Note
-------+----------+-------------------------------------------
     0 | D:1      | Delamore the Hill Orc Fighter began the quest for the Orb.
     0 | D:1      | Reached XP level 1. HP: 19/19 MP: 1/1
   120 | D:1      | Reached skill level 3 in Axes
   229 | D:1      | Reached XP level 2. HP: 26/26 MP: 2/2
   294 | D:1      | Reached skill level 4 in Axes
   695 | D:2      | Reached XP level 3. HP: 28/31 MP: 3/3
   696 | D:2      | Reached skill level 5 in Axes
   699 | D:2      | Reached XP level 4. HP: 27/39 MP: 4/4
   800 | D:2      | Noticed Sigmund
  1056 | D:2      | Killed Sigmund
  1056 | D:2      | Reached skill level 7 in Axes
  1056 | D:2      | Reached XP level 5. HP: 45/45 MP: 5/5
  1063 | D:2      | Found a blossoming altar of Fedhas.
  1065 | D:2      | Noticed Jessica
  1071 | D:2      | Reached skill level 8 in Axes
  1073 | D:2      | Killed Jessica
  1073 | D:2      | Reached XP level 6. HP: 34/51 MP: 6/6
  1176 | D:2      | Noticed Terence
  1243 | D:2      | Killed Terence
  1371 | D:2      | Found a sacrificial altar of Ru.
  1415 | D:2      | Noticed Robin
  1429 | D:2      | Killed Robin
  2003 | D:3      | Reached skill level 9 in Axes
  2573 | D:3      | Reached XP level 7. HP: 52/57 MP: 7/7
  3129 | D:3      | Reached skill level 10 in Axes
  3549 | D:4      | Found a staircase to the Ecumenical Temple.
  3569 | Temple   | Entered the Ecumenical Temple
  4176 | D:4      | Reached skill level 11 in Axes
  4355 | D:4      | Found a stormy altar of Qazlal.
  4568 | D:5      | Entered Level 5 of the Dungeon
  4573 | D:5      | Reached XP level 8. HP: 60/64 MP: 8/8
  4580 | D:5      | Noticed Pikel
  4593 | D:5      | Killed Pikel
  4593 | D:5      | Reached skill level 13 in Axes
  4652 | D:5      | Found Sorug's Jewellery Boutique.
  4698 | D:5      | Noticed Blork the orc
  4704 | D:5      | Found Mialataich's Antique Armour Boutique.
  4716 | D:5      | HP: 3/64 [jelly (3)]
  4716 | D:5      | Splashed by a jelly's acid

Levels and vault maps discovered:
D:1:      erik_arrival_triangle_medium, layout_loops_ring
D:2:      layout_rooms, nicolae_ru_path_of_blood,
          nicolae_overflow_crystal_walls, uniq_sigmund, uniq_robin,
          uniq_jessica, uniq_terence
D:3:      layout_basic
D:4:      layout_loops_ring, overflow_temple_1_default,
          minmay_temple_entry_mist, first_ration
D:5:      layout_loops_ring, serial_shops, shop, nicolae_shop_waterfront,
          uniq_pikel, uniq_blork_the_orc
Temple:   regret_index_temple_sphere_string

Skill      XL: |  1  2  3  4  5  6  7  8 |
---------------+-------------------------+-----
Axes           | 3 4 5 7 8 9 11 13 | 13.4
Fighting       | |  3.6
Armour         | |  3.2
Shields        | |  3.2

Action                   |  1- 3 |  4- 6 |  7- 9 || total
-------------------------+-------+-------+-------++-------
Melee: War axe           |    37 |   150 |   163 ||   350
       Unarmed           |       |    14 |       ||    14
  Eat: Chunk             |       |     5 |     7 ||    12
Armor: Scale mail        |    18 |    76 |    57 ||   151
Dodge: Dodged            |    11 |    57 |    69 ||   137
Block: Shield            |    18 |    87 |    71 ||   176
